Map: Rovine di Endion

Players

MaxPauer

  • Race: Protoss Protoss
  • League: Diamond

illusio - Winner!

  • Race: Zerg Zerg
  • League: Diamond

VOD

Have the link to the VOD?

Description

Time

  • Played on: April 21, 2016, 2:48 p.m.
  • Length: 5:13
Show
View Real Time Build Order
Export as new Build Order

MaxPauer Protoss 

Build Orders:  

Get SALT Encoding   

  12  0:01  Probe (Chrono Boost)  
  13  0:11  Probe (Chrono Boost)  
  14  0:19  Pylon  
  14  0:23  Probe (Chrono Boost)  
  15  0:37  Probe (Chrono Boost)  
  15  0:40  Gateway  
  16  0:47  Probe (Chrono Boost)  
  16  0:49  Assimilator  
  17  0:58  Probe (Chrono Boost)  
  17  1:09  Probe (Chrono Boost)  
  18  1:12  Gateway  
  18  1:19  Probe (Chrono Boost)  
  19  1:28  Cybernetics Core  
  19  1:33  Zealot (Chrono Boost)  
  19  1:37  Probe  
  19  1:39  Assimilator  
  22  1:49  Probe  
  23  2:06  Pylon  
  23  2:07  Pylon  
  23  2:09  Warp Gate (Chrono Boost)  
  23  2:24  Probe, Stalker (Chrono Boost)  
  23  2:27  Zealot (Chrono Boost)  
  28  2:30  Gateway  
  28  2:52  Zealot (Chrono Boost)  
  28  2:53  Gateway  
  28  2:55  Zealot (Chrono Boost)  
  32  3:05  Mothership Core  
  34  3:17  Zealot (Chrono Boost)  
  34  3:19  Zealot (Chrono Boost)  
  38  3:21  Pylon  
  38  3:26  Probe  
  41  3:43  Pylon  
  39  4:08  Stalker  
  39  4:09  Stalker x3  
  22  4:54  Stalker x3  
  22  4:55  Stalker  
Show
View Real Time Build Order
Export as new Build Order

illusio Zerg - Winner!

Build Orders: 3 Hatch before Pool, Zergling Baneling 

Get SALT Encoding   

  12  0:01  Drone  
  13  0:13  Overlord  
  13  0:18  Drone  
  14  0:32  Drone x2  
  16  0:36  Drone  
  17  0:58  Drone  
  18  1:05  Hatchery  
  17  1:21  Hatchery, Drone  
  17  1:30  Extractor  
  16  1:37  Spawning Pool  
  15  1:43  Drone x2  
  15  1:45  Drone  
  18  1:58  Drone  
  19  2:10  Drone  
  20  2:16  Drone  
  20  2:18  Drone  
  22  2:26  Queen  
  22  2:27  Queen  
  26  2:36  Metabolic Boost  
  26  2:46  Drone x2  
  26  2:47  Drone x3  
  26  2:48  Overlord  
  31  3:13  Baneling Nest  
  31  3:14  Overlord  
  31  3:20  Zergling x16  
  38  3:30  Overlord  
  38  3:48  Drone  
  39  3:49  Queen  
  39  3:51  Zergling x14  
  39  3:54  Overlord  
  48  4:17  Spine Crawler  
  48  4:18  Spine Crawler  
  48  4:20  Baneling x9  
  42  4:38  Zergling x2  
  42  4:39  Zergling x12  
  43  4:45  Zergling x2  
  43  4:46  Zergling x10  
  46  5:00  Drone x6  
Tags
 
Add a new tag
Caveats
  • Supply blocks, unpowered buildings, or Contaminate may cause inaccurate times.
  • Supply counts are checked every 10 seconds.